 Dungeon Crawl Stone Soup version 0.31-a0-559-g03b8d61ab2 (webtiles) character file.

Game seed: 11582867575955441397

39724 Morbidden the Destroyer (level 13, 0/86 HPs)
             Began as a Demonspawn Conjurer on Aug 17, 2023.
             Was an Elder of Hepliaklqana.
             Slain by an elephant (10 damage)
             ... on level 5 of the Lair of Beasts.
             The game lasted 00:28:11 (19251 turns).

Morbidden the Destroyer (Demonspawn Conjurer)      Turns: 19251, Time: 00:28:11

Health: 0/86       AC: 16    Str:  7    XL:     13   Next: 70%
Magic:  28/45      EV: 12    Int: 24    God:    Hepliaklqana [****..]
Gold:   462        SH:  4    Dex: 13    Spells: 26/33 levels left

rFire   . . .        a - +0 dagger (venom)
rCold   . . .        (no shield)
rNeg    . . .        K - +1 ring mail {rPois}
rPois   +            (no helmet)
rElec   .            i - +1 cloak
rCorr   .            (gloves unavailable)
SInv    .            P - +0 pair of boots
Will    .....        A - amulet of regeneration
Stlth   +            n - ring of magical power
HPRegen 1.14/turn    Z - ring of magical power
MPRegen 0.29/turn

%: no passive effects
@: very slow
A: reduced essence, icy blue scales 1, demonic guardian 2, icemail 1,
condensation shield, demonic touch 3
a: Renounce Religion, Recall Ancestor, Ancestor Identity, Transference, Idealise


You were on level 5 of the Lair of Beasts.
You worshipped Hepliaklqana.
Hepliaklqana was greatly pleased with you.
You visited 3 branches of the dungeon, and saw 16 of its levels.

You collected 770 gold pieces.
You spent 308 gold pieces at shops.

Inventory:

Hand Weapons
 a - a +0 dagger of venom (weapon)
 b - the +5 dagger "Soastrus" {flame, rPois Dex+3}
   (You bought it in a shop on level 1 of the Dungeon)

   Dex+3:     It affects your dexterity (+3).
   rPois:     It protects you from poison
 y - the +5 dagger "Vitiosy" {heavy, rElec rF+ Str+3}
   (You bought it in a shop on level 1 of the Dungeon)

   Str+3:     It affects your strength (+3).
   rF+:       It protects you from fire.
   rElec:     It insulates you from electricity.
 W - a +2 heavy scimitar
Missiles
 d - 5 silver javelins
 e - 5 javelins
 k - 9 boomerangs (quivered)
 p - 8 curare-tipped darts
 C - 4 throwing nets
Armour
 i - a +1 cloak (worn)
 K - a +1 ring mail of poison resistance (worn)
 P - a +0 pair of boots (worn)
 Y - a +1 scale mail of fire resistance
Jewellery
 n - a ring of magical power (left hand)
 A - an amulet of regeneration (around neck)
 I - a ring of see invisible
 L - a +6 ring of intelligence
 T - a +6 ring of strength
 U - the ring of Orghog {Ice Drain rElec Str+3 Slay+3}
   (You found it on level 10 of the Dungeon)

   [ring of ice]

   Ice:       It enhances your ice magic.
   Str+3:     It affects your strength (+3).
   Slay+3:    It affects your accuracy & damage with ranged weapons and melee
   (+3).
   rF-:       It makes you vulnerable to fire.
   rC+:       It protects you from cold.
   rElec:     It insulates you from electricity.
   Drain:     It drains your maximum health when unequipped.
 Z - a ring of magical power (right hand)
Talismans
 w - a flux talisman
Wands
 x - a wand of mindburst (8)
 D - a wand of polymorph (4)
 F - a wand of acid (8)
 O - a wand of flame (10)
 X - a wand of roots (4)
Scrolls
 c - 10 scrolls of identify
 h - 8 scrolls of vulnerability
 j - 2 scrolls of immolation
 o - a scroll of torment
 q - 6 scrolls of teleportation
 r - 3 scrolls of revelation
 s - a scroll of fear
 u - 2 scrolls of silence
 z - a scroll of fog
 E - a scroll of enchant armour {unknown}
 G - 2 scrolls of blinking
 Q - a scroll of acquirement {unknown}
 S - 4 scrolls of enchant weapon {unknown}
Potions
 f - a potion of invisibility {unknown}
 g - a potion of berserk rage {unknown}
 l - 2 potions of enlightenment {unknown}
 v - 4 potions of curing
 B - 4 potions of might {unknown}
 H - a potion of heal wounds {unknown}
 J - 2 potions of magic
 M - 2 potions of lignification {unknown}
 N - 7 potions of ambrosia
 R - a potion of attraction {unknown}
 V - a potion of haste {unknown}


   Skills:
 * Level 7.5 Fighting
 + Level 5.5(5.7) Short Blades
 * Level 2.3(4.2) Long Blades
 + Level 1.2 Throwing
 + Level 4.5 Armour
 * Level 7.0 Dodging
 + Level 3.7 Stealth
 + Level 2.9 Shields
 * Level 10.6 Spellcasting
 * Level 11.2 Conjurations
 * Level 6.0 Translocations
 * Level 8.2 Invocations
 + Level 1.7 Evocations
 * Level 5.3 Shapeshifting


You had 26 spell levels left.
You knew the following spells:

 Your Spells              Type           Power      Damage    Failure   Level
a - Magic Dart            Conj           100%       1d8       1%          1
b - Searing Ray           Conj           100%       2d8       1%          2
z - Iskenderun's Mystic   Conj/Tloc      53%        2d11      4%          4

Your spell library contained the following spells:

 Spells                   Type           Power      Damage    Failure   Level
 Apportation              Tloc           82%        N/A       1%          1
 Kiss of Death            Conj/Necr      100%       2d13      1%          1
 Dazzling Flash           Conj/Hex       78%        N/A       4%          3
 Stone Arrow              Conj/Erth      78%        3d11      4%          3
 Manifold Assault         Tloc           41%        N/A       13%         4
 Sandblast                Erth           24%        2d8       16%         1
 Fulminant Prism          Conj/Hex       19%        3d11      16%         4
 Cigotuvi's Dreadful Rot  Necr/Pois/Air  24%        N/A       22%         2
 Passwall                 Tmut/Erth      10%        N/A       22%         2
 Confusing Touch          Hex            12%        N/A       41%         3
 Ignite Poison            Fire/Tmut/Pois 12%        N/A       41%         3
 Freezing Cloud           Conj/Ice/Air   15%        6-21      67%         5
 Animate Dead             Necr           12%        N/A       83%         4
 Dispel Undead            Necr           12%        3d9       83%         4
 Dispersal                Tloc           20%        N/A       89%         6
 Conjure Ball Lightning   Conj/Air       19%        3x3d6     93%         6
 Alistair's Intoxication  Tmut/Pois      8%         N/A       99%         5
 Borgnjor's Vile Clutch   Necr/Erth      6%         N/A       99%         5
 Death Channel            Necr           6%         N/A       100%        6
 Haunt                    Necr/Summ      6%         N/A       100%        7
 Borgnjor's Revivificati  Necr           6%         N/A       100%        8
 Discord                  Hex            6%         N/A       100%        8
 Disjunction              Tloc           20%        N/A       100%        8
 Death's Door             Necr           6%         N/A       100%        9


Dungeon Overview and Level Annotations

Branches:
Dungeon (10/15)            Temple (1/1) D:7            Lair (5/5) D:8
  Swamp (0/4) Lair:2        Snake (0/4) Lair:2        Slime (0/5) Lair:4
    Orc: D:9-12

Altars:
Ashenzari
Cheibriados
Dithmenos
Fedhas
Gozag
Hepliaklqana
Kikubaaqudgha
Makhleb
Nemelex Xobeh
Okawaru
Qazlal
Ru
Sif Muna
Trog
Uskayaw
Vehumet
Wu Jian
Xom
Yredelemnul

Shops:
D:1 (   D:2 *([:(   D:7 (

Annotations:
D:6 2 transporters, Jeremiah; Vontreibholz's ghost, novice MiFi
Temple 2 transporters


Innate Abilities, Weirdness & Mutations

Your life essence is reduced to manifest your ancestor. (-10% HP)
You are partially covered in icy blue scales. (AC +2)
A demonic guardian rushes to your aid.
A meltable icy envelope protects you from harm. (AC +4)
A meltable shield of frost defends you. (SH +4)
Your touch may irresistibly damage your foes and sap their willpower.


Message History

The harpy slams into the stone wall!
The harpy is almost dead.
The mystic blast hits the elephant!
The elephant is moderately wounded.
The mystic blast hits the hornet but does no damage.
The hornet is severely wounded.
The mystic blast hits the elephant.
The elephant is heavily wounded.
The elephant is knocked back by the mystic blast.
You hear a shout!
The hornet completely misses you. The harpy claws you.
* * * LOW HITPOINT WARNING * * *
The harpy claws you but does no damage. The hornet stings you!
* * * LOW HITPOINT WARNING * * *
The elephant closely misses you.
The elephant trunk-slaps you but does no damage.
Unknown command.
Unknown command.
Unknown command.
Unknown command.
Casting: Iskenderun's Mystic Blast (dangerous; 4% risk of failure)
Confirm with . or Enter, or press ? or * to list all spells.
You erupt in a blast of force!
The mystic blast hits the sea snake!
You kill the sea snake!
The mystic blast hits the elephant!
The elephant is severely wounded.
The mystic blast hits the blink frog.
The blink frog is heavily wounded.
The blink frog is knocked back by the mystic blast.
The mystic blast hits the harpy!
You kill the harpy!
The mystic blast hits the elephant!
The elephant is heavily wounded.
The mystic blast hits the hornet!
You kill the hornet!
Septima avoids your attack.
Septima blocks the elephant's attack.
The elephant trunk-slaps Septima but does no damage.
Septima hits the elephant with a +0 flail!
The sea snake bites Septima!
The elephant tramples you!
You die...

........ ~
...... . #~
....YY .. .~~
...Y ..~ ~~#~
~DY##~.~~
~#~~~##Y~~H.~#
~~~~~~†Y.~.#
~.~~F~~@#
######R##


#YS #.~ #P~ #~~ ~.~ #.# You could see the friendly Septima the knight, 3
elephants, a sea snake (ally target), a manticore, 4 yaks, a blink frog and a
steam dragon.

Vanquished Creatures
  2 hydras
  A centaur warrior (D:10)
  A two-headed ogre (D:10)
  A sea snake (Lair:5)
  A bog body (Lair:2)
  A lindwurm (Lair:3)
  A harpy (Lair:5)
  An ugly thing (D:8)
  3 elephants (Lair:5)
  Joseph (D:7)
  A black mamba (Lair:1)
  A torpor snail (Lair:3)
  10 cane toads
  Maggie (D:8)
  9 komodo dragons
  3 kobold demonologists
  A hornet (Lair:5)
  13 blink frogs
  A polar bear (Lair:4)
  3 dream sheep (Lair:3)
  Sigmund (D:4)
  47 yaks
  A wyvern (D:8)
  4 basilisks
  2 swamp worms (Lair:2)
  A naga (Lair:2)
  8 water moccasins
  4 orc warriors
  6 black bears
  2 ice beasts
  4 ogres
  6 wolves
  3 centaurs
  A phantom (D:4)
  18 kobold brigands
  13 bullfrogs
  3 gnoll sergeants
  2 scorpions
  29 killer bees
  10 howler monkeys
  4 electric eels (D:10)
  A bullfrog zombie (D:5)
  2 orc priests
  2 jellies (Lair:4)
  A hound (D:7)
  A scorpion zombie (D:5)
  7 orc wizards
  3 iguanas
  16 gnolls
  4 adders
  An ufetubus (D:5)
  2 worms
  6 dart slugs
  36 orcs
  9 bats
  2 endoplasms
  2 giant cockroaches
  14 goblins
  4 hobgoblins
  32 kobolds
  4 quokkas
  3 training dummies (D:7)
  9 ball pythons
  4 frilled lizards
  8 rats
398 creatures vanquished.

Vanquished Creatures (collateral kills)
  Rupert (Lair:4)
  A boulder beetle (Lair:4)
  An elephant (Lair:5)
  A torpor snail (Lair:2)
  A cane toad (Lair:5)
  A gargoyle (D:10)
  A rime drake (Lair:4)
  2 komodo dragons
  A queen bee (Lair:2)
  A hornet (Lair:2)
  4 blink frogs
  7 yaks
  3 basilisks
  2 wyverns
  A swamp worm (Lair:2)
  5 water moccasins
  An orc warrior (D:10)
  A black bear (Lair:1)
  2 wolves (Lair:5)
  4 kobold brigands
  A gnoll sergeant (D:10)
  4 bullfrogs
  9 killer bees
  An electric eel (Lair:2)
  A jelly (Lair:4)
  An orc priest (D:10)
  2 orcs (D:10)
  2 kobolds (D:9)
62 creatures vanquished.

Vanquished Creatures (others)
  An ancestor (D:9)
  9 knights
10 creatures vanquished.

Grand Total: 470 creatures vanquished

Notes
Turn   | Place    | Note
-------+----------+-------------------------------------------
     0 | D:1      | Morbidden the Demonspawn Conjurer began the quest for the
                  | Orb.
     0 | D:1      | Reached XP level 1. HP: 13/13 MP: 3/3
   317 | D:1      | Found Estezesm's Antique Weapon Shoppe.
   398 | D:1      | Gained mutation: Your touch may inflict minor irresistible
                  | damage on your foes. [demonic ancestry]
   398 | D:1      | Reached XP level 2. HP: 19/19 MP: 3/5
  1289 | D:2      | Found Jiwneh's Antique Weapon Shop.
  1294 | D:2      | Reached XP level 3. HP: 24/24 MP: 4/6
  1420 | D:2      | Found Migip's Book Emporium.
  1436 | D:2      | Found Xorr's Armour Emporium.
  1508 | D:2      | Learned a level 2 spell: Searing Ray
  1516 | D:2      | Found an iron altar of Okawaru.
  1518 | D:2      | Found Otseocw's Weapon Shop.
  1527 | D:2      | Found Jalusaecw's General Store.
  2222 | D:3      | Gained mutation: A meltable shield of frost defends you.
                  | (SH +4) [demonic ancestry]
  2222 | D:3      | Reached XP level 4. HP: 31/31 MP: 7/7
  3177 | D:4      | Noticed a phantom
  3183 | D:4      | Killed a phantom
  3184 | D:4      | Reached skill level 1 in Fighting
  3184 | D:4      | Reached skill level 1 in Short Blades
  3184 | D:4      | Reached skill level 5 in Conjurations
  3184 | D:4      | Reached XP level 5. HP: 37/37 MP: 9/9
  3261 | D:4      | Noticed a black bear
  3269 | D:4      | Killed a black bear
  3598 | D:4      | Gained mutation: Your touch may inflict irresistible damage
                  | on your foes. [demonic ancestry]
  3598 | D:4      | Reached XP level 6. HP: 43/43 MP: 11/11
  3670 | D:4      | Noticed Sigmund
  3684 | D:4      | Killed Sigmund
  3685 | D:4      | Reached skill level 1 in Armour
  3921 | D:1      | Bought a glimmering dagger for 154 gold pieces
  3921 | D:1      | Identified the +5 dagger "Vitiosy" {heavy, rElec rF+ Str+3}
                  | (You bought it in a shop on level 1 of the Dungeon)
  4193 | D:5      | Entered Level 5 of the Dungeon
  4278 | D:5      | Gained mutation: You are partially covered in icy blue
                  | scales. (AC +2) [demonic ancestry]
  4278 | D:5      | Reached XP level 7. HP: 48/49 MP: 9/13
  4390 | D:5      | Found a basalt altar of Yredelemnul.
  4537 | D:5      | Reached skill level 6 in Conjurations
  4863 | D:5      | Reached skill level 1 in Shapeshifting
  5030 | D:5      | Identified the amulet "Waoc" {Faith Harm Str+2 Dex+2 SInv}
  5065 | D:5      | Gained mutation: A weak demonic guardian rushes to your
                  | aid. [demonic ancestry]
  5065 | D:5      | Reached XP level 8. HP: 52/57 MP: 13/15
  5070 | D:5      | Learned a level 4 spell: Iskenderun's Mystic Blast
  5719 | D:6      | Reached skill level 5 in Spellcasting
  6022 | D:6      | Reached skill level 1 in Translocations
  6594 | D:6      | Found a transporter.
  6602 | D:6      | Found a transporter.
  6603 | D:6      | Noticed Vontreibholz's ghost (novice MiFi)
  6604 | D:6      | Identified the +8 great mace of the Endless Expanse {heavy,
                  | rC- Will+ Int+3}
  6621 | D:6      | Reached skill level 7 in Conjurations
  6708 | D:6      | Noticed Jeremiah
  7329 | D:7      | Reached XP level 9. HP: 64/64 MP: 18/18
  7580 | D:7      | Found a staircase to the Ecumenical Temple.
  7592 | D:7      | Noticed Joseph
  7923 | Temple   | Found a transporter.
  7923 | Temple   | Found a transporter.
  7923 | Temple   | Found a transporter.
  7923 | Temple   | Found a transporter.
  7923 | Temple   | Entered the Ecumenical Temple
  7937 | Temple   | Became a worshipper of Hepliaklqana the Forgotten
  7998 | D:7      | Reached skill level 1 in Shields
  8318 | D:7      | Found a burning altar of Makhleb.
  8431 | D:7      | Found Bev Beb's Firing Range.
  8625 | D:1      | Bought an ichor-stained dagger for 154 gold pieces
  8625 | D:1      | Identified the +5 dagger "Soastrus" {flame, rPois Dex+3}
                  | (You bought it in a shop on level 1 of the Dungeon)
  8858 | D:7      | Killed Joseph
  8859 | D:7      | Reached skill level 1 in Invocations
  9354 | D:8      | Gained mutation: A meltable icy envelope protects you from
                  | harm. (AC +4) [demonic ancestry]
  9354 | D:8      | Reached XP level 10. HP: 59/72 MP: 5/20
  9384 | D:8      | Reached skill level 5 in Fighting
  9725 | D:8      | Reached skill level 8 in Conjurations
  9732 | D:8      | Noticed Maggie
  9759 | D:8      | Killed Maggie
  9841 | D:8      | Noticed a brown ugly thing
  9854 | D:8      | Killed a brown ugly thing
 10012 | D:8      | Found a staircase to the Lair.
 10014 | D:8      | Reached * piety under Hepliaklqana
 10081 | D:8      | Found an ancient bone altar of Kikubaaqudgha.
 10082 | D:8      | Found an opulent altar of Gozag.
 10351 | D:8      | Found a snail-covered altar of Cheibriados.
 10650 | D:9      | Reached XP level 11. HP: 72/72 MP: 13/22
 10812 | D:9      | Reached skill level 5 in Dodging
 10898 | D:9      | Reached skill level 1 in Evocations
 11287 | D:9      | Reached skill level 5 in Invocations
 11290 | D:9      | Noticed a soul eater
 11620 | D:9      | Found a radiant altar of Vehumet.
 11902 | D:10     | Entered Level 10 of the Dungeon
 12008 | D:10     | Reached ** piety under Hepliaklqana
 12009 | D:10     | Remembered your ancestor Septima as a knight
 12160 | D:10     | Noticed a centaur warrior
 12162 | D:10     | Noticed a four-headed hydra
 12168 | D:10     | Killed a centaur warrior
 12174 | D:10     | Killed a four-headed hydra
 12175 | D:10     | Reached skill level 9 in Conjurations
 12274 | D:10     | Identified the ring of Orghog {Ice Drain rElec Str+3
                  | Slay+3}
 12568 | D:10     | Identified the +1 rapier of Peace {holy, Fly Will+ SInv}
 12576 | D:10     | Reached skill level 1 in Throwing
 12770 | D:10     | Noticed a two-headed ogre
 12780 | D:10     | Killed a two-headed ogre
 12846 | D:10     | Gained mutation: Your touch may irresistibly damage your
                  | foes and sap their willpower. [demonic ancestry]
 12846 | D:10     | Reached XP level 12. HP: 76/80 MP: 11/24
 12848 | D:10     | Reached skill level 5 in Short Blades
 13211 | D:10     | Found a hide-covered altar of Uskayaw.
 13271 | D:10     | Identified the +0 leather armour of Makhleb's Approval {Fly
                  | Int+3 SInv}
 13591 | Lair:1   | Entered Level 1 of the Lair of Beasts
 14584 | Lair:1   | Reached *** piety under Hepliaklqana
 14797 | Lair:1   | Reached skill level 10 in Conjurations
 15163 | Lair:1   | Reached skill level 5 in Translocations
 16154 | Lair:2   | Reached skill level 5 in Shapeshifting
 16297 | Lair:2   | Found a staircase to the Snake Pit.
 16502 | Lair:2   | Gained mutation: A demonic guardian rushes to your aid.
                  | [demonic ancestry]
 16502 | Lair:2   | Reached XP level 13. HP: 86/86 MP: 26/26
 16694 | Lair:2   | Found a staircase to the Swamp.
 17014 | Lair:3   | Reached skill level 1 in Long Blades
 17287 | Lair:3   | Reached skill level 10 in Spellcasting
 17529 | Lair:3   | Reached **** piety under Hepliaklqana
 18746 | Lair:4   | Found a staircase to the Slime Pits.
 18845 | Lair:4   | Noticed Rupert
 18868 | Lair:4   | Reached skill level 11 in Conjurations
 18869 | Lair:4   | Killed Rupert
 19188 | Lair:5   | Entered Level 5 of the Lair of Beasts
 19231 | Lair:5   | HP: 3/86 [yak (12)]
 19251 | Lair:5   | Slain by an elephant

Illustrated notes

Levels and vault maps discovered:
D:1:      onia_arrival_pentagram, layout_basic, serial_shops,
          nicolae_shop_real_fake_doors, minmay_pentomino_s2
D:2:      minmay_angry_zag, layout_rooms, serial_shops, shop, shop, shop,
          nicolae_shop_advertising_works [nicolae_subvault_shop_adworks], shop,
          basic_altar
D:3:      layout_loops_corners
D:4:      layout_gridville, general_overflow_altar, uniq_sigmund
D:5:      layout_loops_corners, lemuel_zombie_altar_yredelemnul
D:6:      layout_loops_ring, nicolae_tso_swordbearing_angel,
          gammafunk_ghost_smash, hangedman_decor_push, uniq_jeremiah
D:7:      corexii_shack_village, layout_loops_corners, bloody_makhleb,
          nicolae_shop_firing_range, uniq_joseph
D:8:      layout_loops_ring, overflow_temple_1_default,
          mainiacjoe_overflow_divided_tiny, due_lair_maze_entry_diamond,
          nicolae_zen_rock_garden, uniq_maggie
D:9:      layout_loops_corners, mainiacjoe_overflow_24_doors
D:10:     nzn_winding_woodlands_small [nzn_winding_woodlands_5x15_cabin,
          nzn_winding_woodlands_center_diamonds,
          nzn_winding_woodlands_5x15_default], layout_basic,
          nicolae_uskayaw_en_pointe, special_room [special_room_kobold],
          chequers_big_river
Temple:   hellmonk_temple_divided_pantheon
Lair:1:   layout_cave_pods, st_stairs_4, grunt_megastairs_5
Lair:2:   layout_hall_layers, nicolae_swamp_entry_splash_gauntlet,
          guppyfry_snake_entry_garden, special_room [special_room_bee],
          grunt_megastairs_4
Lair:3:   layout_long_grid
Lair:4:   layout_regular_city, nicolae_slime_entry_field_trip,
          serial_bayou_shore_a, grunt_megastairs_3, uniq_rupert
Lair:5:   gammafunk_lair_ancient_temple, layout_hall_layers,
          serial_bayou_shore_b, infiniplex_staircase_pool

Skill      XL: |  1  2  3  4  5  6  7  8  9 10 11 12 13 |
---------------+----------------------------------------+-----
Dodging        | 2 3 4 5 6 7 |  7.0
Fighting       | 1 2 3 4 5 6 7 |  7.5
Short Blades   | 1 2 3 4 5 |  5.5
Spellcasting   | 3 4 6 7 8 9 10 | 10.6
Conjurations   | 5 6 7 8 9 10 11 | 11.2
Armour         | 1 2 3 4 |  4.5
Stealth        | 2 3 |  3.7
Shapeshifting  | 1 2 3 4 5 |  5.3
Translocations | 1 2 3 4 5 6 |  6.0
Shields        | 1 2 |  2.9
Invocations    | 2 4 6 7 8 |  8.2
Evocations     | 1 |  1.7
Throwing       | 1 |  1.2
Long Blades    | 2 |  2.3

Action                     |  1- 3 |  4- 6 |  7- 9 | 10-12 | 13-15 || total
---------------------------+-------+-------+-------+-------+-------++-------
  Melee: Dagger            |    10 |     6 |    39 |   300 |    85 ||   440
         Touch             |     4 |     1 |     8 |    54 |    19 ||    86
         Punch             |       |       |       |     3 |     1 ||     4
  Throw: Boomerang         |       |       |       |    14 |       ||    14
   Cast: Magic Dart        |    86 |    66 |   100 |   151 |   104 ||   507
         Searing Ray       |     1 |     8 |    72 |    85 |    23 ||   189
         Iskenderun's Myst |       |       |     6 |    62 |    36 ||   104
 Invoke: Ancestor Life: Kn |       |       |       |     1 |       ||     1
         Recall Ancestor   |       |       |       |       |     1 ||     1
         Idealise          |       |       |       |       |     1 ||     1
  Evoke: Wand              |       |       |       |    16 |     2 ||    18
    Use: Scroll            |       |       |     3 |       |    10 ||    13
         Potion            |       |       |       |       |     4 ||     4
   Stab: Sleeping          |       |       |     1 |       |     1 ||     2
         Distracted        |       |       |       |     2 |     1 ||     3
 Armour: Robe              |     2 |       |       |       |       ||     2
         Leather armour    |       |     2 |    23 |       |       ||    25
         Ring mail         |       |       |     5 |    65 |    63 ||   133
         Skin              |       |       |     2 |       |       ||     2
         Steam dragon scal |       |       |       |    63 |       ||    63
  Dodge: Dodged            |    15 |    13 |   106 |   262 |    79 ||   475
  Block: Other             |       |     3 |    35 |    61 |    19 ||   118

Table legend: (Time is in decaauts)
 A = Elapsed time spent in this place.
 B = Non-inter-level travel time spent in this place.
 C = Inter-level travel time spent in this place.
 D = Time resting spent in this place.
 E = Time spent auto-exploring this place.
 F = Levels seen in this place.
 G = Mean time per level.
                   A        B        C        D        E       F      G
               +--------+--------+--------+--------+--------+-----+--------+
         Total |  19222 |  18348 |    874 |    966 |  14699 |  16 | 1201.4 |
       Dungeon |  13541 |  12774 |    767 |    414 |  10586 |  10 | 1354.1 |
        Temple |     30 |     21 |      9 |      0 |      0 |   1 |   30.0 |
          Lair |   5650 |   5553 |     97 |    552 |   4112 |   5 | 1130.0 |
               +--------+--------+--------+--------+--------+-----+--------+

Top non-repeatable levels by time:
  Lair:1: 1987 daAuts
     D:6: 1681 daAuts
    D:10: 1629 daAuts
     D:7: 1577 daAuts
     D:5: 1530 daAuts
     D:9: 1464 daAuts
     D:1: 1384 daAuts
  Lair:4: 1379 daAuts
     D:8: 1316 daAuts
  Lair:2: 1307 daAuts
     D:3: 1132 daAuts
     D:4: 955 daAuts
  Lair:3: 920 daAuts
     D:2: 868 daAuts
  Lair:5: 55 daAuts
